 Dungeon Crawl Stone Soup version 0.20.1-1-g8b1a95d (webtiles) character file.

1788 P1skanaft the Fighter (level 8, -6/86 HPs)
             Began as a Minotaur Fighter on July 30, 2017.
             Mangled by a two-headed ogre
             ... wielding a +0 giant club
              (19 damage)
             ... on level 6 of the Dungeon.
             The game lasted 00:36:02 (4265 turns).

P1skanaft the Fighter (Minotaur Fighter)            Turns: 4265, Time: 00:36:03

Health: -6/86      AC:  6    Str: 23 (24) XL:     8   Next: 82%
Magic:  7/7        EV: 11    Int:  2 (5)  God:
Gold:   310        SH:  9    Dex:  8 (9)  Spells: 7/7 levels left

rFire    + + .     SeeInvis .   a - +0 long sword
rCold    . . .     Gourm    .   c - +0 shield
rNeg     . . .     Faith    .   z - +0 ring mail {rC+}
rPois    .         Spirit   .   (helmet unavailable)
rElec    .         Reflect  .   (no cloak)
rCorr    .         Harm     .   (no gloves)
MR       +....                  (no boots)
Stlth    ..........             (no amulet)
Regen    0.3/turn               m - ring of fire
MPRegen  0.1/turn               o - ring of protection from fire

@: no status effects
A: retaliatory headbutt, claws 1, horns 3, magic resistance 1, robust 1
a: no special abilities


You were on level 6 of the Dungeon.
You were full.

You visited 1 branch of the dungeon, and saw 6 of its levels.

You collected 310 gold pieces.

Inventory:

Hand Weapons
 a - a +0 long sword (weapon)
 y - a +2 dire flail of draining
Armour
 b - a +0 scale mail
 c - a +0 shield (worn)
 i - a +0 scale mail
 t - a +0 chain mail
 z - a +0 ring mail of cold resistance (worn)
Jewellery
 e - an uncursed ring of resist corrosion {unknown}
 m - a ring of fire (left claw)
 n - an uncursed ring of stealth
 o - a ring of protection from fire (right claw)
Wands
 h - a wand of random effects (32/48)
 H - a wand of confusion (38/48)
Scrolls
 g - 3 scrolls of identify
 k - a scroll of enchant weapon {unknown}
 p - a scroll of amnesia {unknown}
 q - a scroll of enchant armour {unknown}
 v - a scroll of remove curse {unknown}
 C - a scroll of teleportation
 D - a scroll of recharging {unknown}
 G - a scroll of random uselessness {unknown}
Potions
 d - a potion of might
 j - a potion of mutation
 r - 2 potions of degeneration
 s - a potion of haste
 u - a potion of lignification {unknown}
 x - a potion of brilliance {unknown}
 B - a potion of flight {unknown}
 F - a potion of ambrosia {unknown}
Books
 A - a book of Changes

   Spells                             Type                      Level
   a - Beastly Appendage              Transmutation                1
   b - Sticks to Snakes               Transmutation                2
   c - Spider Form                    Transmutation/Poison         3
   d - Ice Form                       Ice/Transmutation            4
   e - Blade Hands                    Transmutation                5
Comestibles
 f - 5 bread rations
 l - 8 fruits
 w - 4 meat rations
 E - a royal jelly


   Skills:
 + Level 10.3 Fighting
 - Level 2.4 Long Blades
 - Level 6.2 Armour
 + Level 7.3 Dodging
 - Level 3.6 Shields


You had 7 spell levels left.
You didn't know any spells.

Dungeon Overview and Level Annotations

Branches:
Dungeon (6/15)             Temple (0/1) D:5

Altars:
Cheibriados
Makhleb
Nemelex Xobeh
Qazlal
Vehumet
Yredelemnul
Zin

Annotations:
D:4 bli's ghost, novice FoAK


Innate Abilities, Weirdness & Mutations

You reflexively headbutt those who attack you in melee.
You have a pair of large horns on your head.
You have sharp fingernails.
You are resistant to hostile enchantments. (MR+)
You are robust. (+10% HP)


Message History

a falchion; 23 stones; an orc corpse
H - a wand of confusion (?/48) {zapped: 1}
g - 3 scrolls of identify (gained 1)
Items here: ( )) [[ a stone; a dagger; a chain mail; a hand axe; a robe You eat one of the 5 meat rations.
That meat ration really hit the spot!
You start resting.
You feel sick.
You are no longer poisoned.
You start resting.
You hear the rapid rusting of a very distant drain.
You start resting.
A two-headed ogre comes into view. It is wielding two giant clubs.
A two-headed ogre is nearby!
The two-headed ogre shouts in stereo!
Things that are here:
a falchion; 23 stones; an orc corpse
Items here: ( )) [[ a stone; a dagger; a chain mail; a hand axe; a robe The two-headed ogre hits you with a giant club!!
You die...

#.# #.# #.. #.####
.######.######....#
..............>##..#
....##(##########.#
# #.# .# ##.######
.#
###.#>#.#.#.#.#.#.#
#....O@()..........
...#.#.#.#.#.#.#.#.#
#............
##.#.#.#.#.#.#
...............
#.#.#.#.#.#.#.#.#
#.............###
###############


You could see a two-headed ogre.

Vanquished Creatures
  The ghost of Frank the Cutter, a novice OpMo (D:5)
  Sigmund (D:2)
  Edmund (D:4)
  Duvessa (D:6)
  An ogre (D:5)
  Blork the orc (D:4)
  Dowan (D:6)
  A water moccasin skeleton (D:5)
  A scorpion (D:6)
  A howler monkey (D:4)
  A centaur zombie (D:6)
  2 bullfrog zombies
  2 crimson imps (D:5)
  A hound (D:5)
  4 orc priests
  2 jellies
  3 orc wizards
  A bullfrog skeleton (D:5)
  3 worker ants
  A worker ant zombie (D:5)
  9 adders
  A worm (D:2)
  2 dart slugs
  6 leopard geckos
  25 orcs
  5 bats
  4 giant cockroaches
  12 goblins
  8 hobgoblins
  13 jackals
  5 kobolds
  3 quokkas
  A ball python (D:3)
  2 frilled lizards
  A leopard gecko skeleton (D:4)
  10 rats
137 creatures vanquished.

Notes
Turn   | Place    | Note
-------+----------+-------------------------------------------
     0 | D:1      | P1skanaft the Minotaur Fighter began the quest for the Orb.
     0 | D:1      | Reached XP level 1. HP: 19/19 MP: 0/0
   170 | D:1      | Reached XP level 2. HP: 27/27 MP: 1/1
   230 | D:1      | Reached skill level 4 in Fighting
   618 | D:2      | Noticed Sigmund
   651 | D:2      | Killed Sigmund
   651 | D:2      | Reached skill level 5 in Fighting
   651 | D:2      | Reached skill level 5 in Armour
   651 | D:2      | Reached XP level 3. HP: 21/37 MP: 2/2
   651 | D:2      | Reached XP level 4. HP: 25/44 MP: 3/3
   651 | D:2      | Reached XP level 5. HP: 28/50 MP: 4/4
   925 | D:2      | Reached skill level 6 in Fighting
  1393 | D:3      | Reached XP level 6. HP: 40/57 MP: 5/5
  1547 | D:3      | Reached skill level 1 in Dodging
  2202 | D:4      | Noticed Edmund
  2211 | D:4      | Killed Edmund
  2211 | D:4      | Reached skill level 7 in Fighting
  2211 | D:4      | Reached XP level 7. HP: 66/66 MP: 6/6
  2393 | D:4      | Noticed Blork the orc
  2411 | D:4      | Killed Blork the orc
  2444 | D:4      | Noticed bli's ghost (novice FoAK)
  2455 | D:4      | HP: 3/67 [poisoned by bli's ghost]
  2883 | D:5      | Entered Level 5 of the Dungeon
  2888 | D:5      | Reached skill level 8 in Fighting
  3054 | D:5      | Noticed Frank's ghost (novice OpMo)
  3161 | D:5      | Found a staircase to the Ecumenical Temple.
  3174 | D:5      | Reached skill level 5 in Dodging
  3328 | D:5      | Killed Frank's ghost
  3328 | D:5      | Reached skill level 9 in Fighting
  3328 | D:5      | Reached XP level 8. HP: 50/78 MP: 7/7
  3354 | D:5      | Found a sparkling altar of Nemelex Xobeh.
  3380 | D:5      | Found a snail-covered altar of Cheibriados.
  3650 | D:6      | Noticed Dowan
  3651 | D:6      | Noticed Duvessa
  3660 | D:6      | Killed Duvessa
  3680 | D:6      | Killed Dowan
  3680 | D:6      | Reached skill level 10 in Fighting
  3683 | D:6      | Gained mutation: You are resistant to hostile enchantments. (MR+) [potion of mutation]
  3683 | D:6      | Gained mutation: You are robust. (+10% HP) [potion of mutation]
  3683 | D:6      | Gained mutation: You have a pair of large horns on your head. [potion of mutation]
  3683 | D:6      | Gained mutation: You have sharp fingernails. [potion of mutation]
  3992 | D:6      | Found a burning altar of Makhleb.
  4002 | D:6      | Found a basalt altar of Yredelemnul.
  4003 | D:6      | Found a glowing silver altar of Zin.
  4004 | D:6      | Found a radiant altar of Vehumet.
  4005 | D:6      | Found a stormy altar of Qazlal.
  4205 | D:6      | HP: 4/86 [poisoned by a scorpion]
  4210 | D:6      | HP: 3/86 [poisoned by a scorpion]
  4217 | D:6      | HP: 3/86 [poisoned by a scorpion]
  4225 | D:6      | HP: 3/86 [poisoned by a scorpion]
  4263 | D:6      | Noticed a two-headed ogre
  4265 | D:6      | Mangled by a two-headed ogre

Skill      XL: |  1  2  3  4  5  6  7  8 |
---------------+-------------------------+-----
Armour         | 4 5 6 |  6.2
Fighting       | 5 6 7 9 10 | 10.3
Dodging        | 3 6 7 |  7.3
Long Blades    | |  2.4
Shields        | |  3.6

Action                   |  1- 3 |  4- 6 |  7- 9 || total
-------------------------+-------+-------+-------++-------
Melee: Long sword        |    67 |   156 |   193 ||   416
       Headbutt          |    11 |    31 |    39 ||    81
  Use: Scroll            |     2 |       |     4 ||     6
       Potion            |     1 |       |     7 ||     8
  Eat: Meat ration       |       |     1 |     2 ||     3
       Chunk             |       |     1 |       ||     1
Armor: Scale mail        |    26 |    59 |       ||    85
       Ring mail         |       |       |    56 ||    56
Dodge: Dodged            |    21 |    47 |    87 ||   155
Block: Shield            |    30 |    73 |   104 ||   207
       Rpst.: Long sword |     4 |    11 |    28 ||    43
